[Event "Late-Titled-Tuesday-Blitz-January-23-2024"]
[Site "Chess.com"]
[Date "2024.01.23"]
[Round "9"]
[White "GMRAVEN_ON_YOUTUBE"]
[Black "Jarrahi2452"]
[Result "0-1"]
[WhiteElo "2817"]
[BlackElo "2668"]
[TimeControl "180+1"]
[EndTime "15:41:32 PST"]
[Termination "Jarrahi2452 won by resignation"]

1. f4 d5 2. Nf3 Nf6 3. e3 Bf5 4.
Nc3 e6 5. d3 c6 6. h3 h6 7. Qe2 Nbd7 8. Bd2 Be7 9. g4 Bh7 10.
O-O-O b5 11. Bg2 a5 12. Nd4 Qb6 13. g5 hxg5 14. fxg5 Ng8 15. h4 a4 16. h5 Bxg5 17. Qg4 Bf6 18. h6 Nxh6 19. Rxh6 gxh6 20. Nxe6 fxe6 21.
Qxe6+ Be7 22. e4 d4 23. Ne2 Qc5 24. Bf4 a3 25. b3 Nf8 26. Qxh6 O-O-O 27. b4 Qb6 28. Qg7 Ng6 29. Bg5 Bxg5+ 30. Kb1 Qc7 31. Bh3+ Kb8 0-1

[Event "Late-Titled-Tuesday-Blitz-January-23-2024"]
[Site "Chess.com"]
[Date "2024.01.23"]
[Round "9"]
[White "Kazan28"]
[Black "DvaHrasta"]
[Result "0-1"]
[WhiteElo "2586"]
[BlackElo "2500"]
[TimeControl "180+1"]
[EndTime "15:41:35 PST"]
[Termination "DvaHrasta won by resignation"]

1. d4 Nf6 2. Nf3 e6 3. Bg5 h6 4. Bh4 c5 5. e3 Qb6 6. Nc3 Qxb2 7. Nb5 Na6 8. Bxf6 gxf6 9. Be2 cxd4 10. Rb1 Bb4+ 11. Kf1 Qxa2 12. exd4 Ke7 13. c4 Qa5 14. c5 b6 15. Ra1 Qxa1 16. Qxa1 bxc5 17. Qa4 Bb7 18. Na3 Nc7 19. Nc2 a5 20. dxc5 Bxc5 21. Bd3 Bc6 22. Qc4 d6 23. Ke2 Rhg8 24. Be4 Bb5 25.
Qxb5 Nxb5 26. Bxa8 Rxa8 27. Kd3 a4 28. Rb1 Ra5 29. Kc4 Nc7 30. Rb7 Kd7 31. Nfd4 a3 32. Na1 Ra4+ 33. Kb3 Rxd4 34. Rxc7+ Kxc7 0-1

[Event "Late-Titled-Tuesday-Blitz-January-23-2024"]
[Site "Chess.com"]
[Date "2024.01.23"]
[Round "9"]
[White "Manukyan_Artak"]
[Black "smotherhubbard"]
[Result "1-0"]
[WhiteElo "2515"]
[BlackElo "2338"]
[TimeControl "180+1"]
[EndTime "15:41:35 PST"]
[Termination "Manukyan_Artak won by resignation"]

1. e4 e6 2. d4 d5 3. e5 c5 4. c3 Nc6 5. Nf3 Bd7 6. a3 c4 7. Nbd2 Nge7 8. g3 Nf5 9. Bh3 f6 10. exf6 Qxf6 11. O-O Bd6 12. Re1 O-O 13. Bg2 Kh8 14.
Nf1 Be8 15. Qd2 Bh5 16. Qg5 Qf7 17. g4 Nfxd4 18. cxd4 Nxd4 19. Qxh5 Nxf3+ 20. Bxf3 Qxf3 21. Be3 Rf5 22. Nd2 Rxh5 23. Nxf3 Rh3 24. Kg2 Rxf3 25. Kxf3 Bxh2 26. Kg2 Bd6 27. f4 b6 28. Bd4 Bxf4 29. Rxe6 Kg8 30. Rf1 g5 31. Re7 a6 32. Rg7+ Kf8 33.
Rxg5 1-0

[Event "Late-Titled-Tuesday-Blitz-January-23-2024"]
[Site "Chess.com"]
[Date "2024.01.23"]
[Round "9"]
[White "Jumbo"]
[Black "Kamilek84"]
[Result "1-0"]
[WhiteElo "2957"]
[BlackElo "2726"]
[TimeControl "180+1"]
[EndTime "15:41:36 PST"]
[Termination "Jumbo won on time"]

1. d4 Nf6 2. Nf3 e6 3. Bf4 b6 4. e3 Bb7 5. a4 a6 6. Bd3 Be7 7. h3 O-O 8. O-O d6 9. c4 c5 10. Nc3 cxd4 11. exd4 Nbd7 12. Re1 d5 13. Qe2 Bb4 14.
Red1 Re8 15. Ne5 dxc4 16. Bxc4 Nf8 17. Rac1 Ng6 18. Bg5 a5 19. Bb5 Rf8 20. Nd7 Be7 21. Nxf8 Qxf8 22. Qe3 h6 23. Bxf6 Bxf6 24. Ne4 Be7 25.
Bc6 Qb8 26. d5 exd5 27. Bxd5 Bxd5 28. Rxd5 Qb7 29. Rcd1 Bf8 30. Rd8 Rxd8 31. Rxd8 Kh7 32. Qf3 Qc7 33. Rd1 Qe7 34. b3 Qe6 35. Ng3 1-0

[Event "Late-Titled-Tuesday-Blitz-January-23-2024"]
[Site "Chess.com"]
[Date "2024.01.23"]
[Round "9"]
[White "jamengrand"]
[Black "Noki102"]
[Result "0-1"]
[WhiteElo "2268"]
[BlackElo "2441"]
[TimeControl "180+1"]
[EndTime "15:41:39 PST"]
[Termination "Noki102 won on time"]

1. e4 e5 2. Nf3 Nc6 3. Bc4 Nf6 4. d3 h6 5. c3 d6 6. h3 g5 7. Nbd2 Bg7 8. Nf1 a6 9. a4 Qe7 10. Ng3 g4 11. Nh4 Qf8 12. Nhf5 gxh3 13. Rxh3 Ne7 14. Qf3 Bxf5 15. Nxf5 O-O-O 16. Bd2 d5 17. exd5 Nexd5 18. Bxd5 Nxd5 19. Qg4 Bf6 20. Bxh6 Qc5 21. Ne3+ Kb8 22. Nxd5 Qxd5 23. Rd1 Qb3 24. Qe2 e4 25. dxe4 Rxd1+ 26. Qxd1 Qxb2 27. Bd2 Rd8 28. Rf3 Bg5 0-1

[Event "Late-Titled-Tuesday-Blitz-January-23-2024"]
[Site "Chess.com"]
[Date "2024.01.23"]
[Round "9"]
[White "ItalianMachine"]
[Black "shirovin"]
[Result "1-0"]
[WhiteElo "2370"]
[BlackElo "2030"]
[TimeControl "180+1"]
[EndTime "15:41:40 PST"]
[Termination "ItalianMachine won on time"]

1. e4 d6 2. d4 Nf6 3. Nc3 c6 4.
Nf3 Qa5 5. Bd2 e5 6. Nd5 Qd8 7.
Nxf6+ Qxf6 8. dxe5 Qg6 9. Qe2 Bg4 10. exd6 Bxd6 11. O-O-O O-O 12. h3 Bxf3 13. Qxf3 Nd7 14. Bc3 Ne5 15. Qe2 b5 16. f4 Nc4 17. Qf3 Bc5 18. Bxc4 bxc4 19. g4 Qe6 20. e5 Rab8 21. f5 Qc8 22. f6 g6 23. Qf4 Rd8 24. h4 a5 25. h5 a4 26. hxg6 Qc7 27. Rxd8+ Rxd8 28.
Rxh7 Qd7 29. Rh8+ Kxh8 30. Qh6+ 1-0

[Event "Late-Titled-Tuesday-Blitz-January-23-2024"]
[Site "Chess.com"]
[Date "2024.01.23"]
[Round "9"]
[White "Fandorine"]
[Black "messiboca"]
[Result "1-0"]
[WhiteElo "2988"]
[BlackElo "2786"]
[TimeControl "180+1"]
[EndTime "15:41:41 PST"]
[Termination "Fandorine won by resignation"]

1. d4 Nf6 2. c4 c5 3. Nf3 e6 4. g3 cxd4 5. Nxd4 d5 6. Bg2 e5 7. Nf3 d4 8. O-O Nc6 9. e3 d3 10. Nc3 Bb4 11. Bd2 O-O 12. a3 Bxc3 13. Bxc3 Ne4 14.
Bxe5 Bg4 15. Bd4 Ng5 16. Bc3 Re8 17. h4 Ne4 18. Qe1 Bxf3 19. Bxf3 d2 20. Qe2 Nxc3 21. bxc3 Ne5 22. Bd5 b5 23. Rad1 Nxc4 24. Bxc4 bxc4 25. Rxd2 Qa5 26. Qxc4 Rac8 27. Qb4 Qe5 28. Rd4 h6 29.
Rfd1 Qf5 30. c4 Qf3 31. Qd2 Rc6 32. Rf4 Qh5 33. Qd5 Qg6 34. h5 Qe6 35. Qxe6 1-0

[Event "Late-Titled-Tuesday-Blitz-January-23-2024"]
[Site "Chess.com"]
[Date "2024.01.23"]
[Round "9"]
[White "Cluke86"]
[Black "ImportedItalianMaple"]
[Result "0-1"]
[WhiteElo "2266"]
[BlackElo "2435"]
[TimeControl "180+1"]
[EndTime "15:41:43 PST"]
[Termination "ImportedItalianMaple won by checkmate"]

1. e4 c5 2. Nc3 d6 3. f4 g6 4. Nf3 Bg7 5. Bc4 e6 6. O-O Ne7 7. d3 O-O 8. Qe1 d5 9. Bb3 Nbc6 10. f5 dxe4 11. f6 Bxf6 12. Nxe4 Bg7 13. Bg5 h6 14. Bf6 Bxf6 15. Nxf6+ Kg7 16. Ne5 Qd4+ 17. Rf2 Qxe5 18.
Qf1 Nf5 19. Ne4 Nfd4 20. Re1 Nxb3 21. axb3 f5 22. c3 Bd7 23. Nd2 Qd5 24. Rfe2 Qxd3 25. Nc4 b5 26. Rd1 bxc4 27. Rxd3 cxd3 28. Rd2 Ne5 29. Qf4 Kf6 30. Qxh6 Rh8 31. Qe3 Bc6 32. Qxc5 Be4 33. b4 Rac8 34. Qxa7 Nc4 35. Qd4+ e5 36.
Qf2 Nxd2 37. Qxd2 Ra8 38. h3 Ra1+ 39. Kf2 Rd8 40. h4 f4 41. g3 Kf5 42. gxf4 exf4 43.
c4 Rh1 44. Qc3 Rh2+ 45. Kg1 d2 46. Qg7 Rg2+ 47. Kf1 d1=Q# 0-1

[Event "Late-Titled-Tuesday-Blitz-January-23-2024"]
[Site "Chess.com"]
[Date "2024.01.23"]
[Round "9"]
[White "DeArron_Fox"]
[Black "traviscottofficial"]
[Result "1-0"]
[WhiteElo "2459"]
[BlackElo "2523"]
[TimeControl "180+1"]
[EndTime "15:41:44 PST"]
[Termination "DeArron_Fox won by resignation"]

1. d4 Nf6 2. c4 g6 3. Nc3 Bg7 4. e4 O-O 5. f3 d6 6. Be3 c5 7. Nge2 Nc6 8. d5 Ne5 9. Ng3 e6 10. Be2 a6 11. a4 exd5 12. cxd5 Re8 13. O-O Qa5 14. Nh1 Bd7 15. Nf2 b5 16. axb5 Qb4 17. f4 Nc4 18. Bxc4 Qxc4 19. Ra4 axb5 20. Rxc4 bxc4 21. e5 dxe5 22. fxe5 Rxe5 23. Bxc5 Rae8 24. Bd4 R5e7 25. h3 Bf5 26. Ng4 Nxg4 27. hxg4 Bd3 28. Bxg7 Kxg7 29. g5 Bxf1 30. Kxf1 Re5 31. Qd4 Kg8 32. d6 Rf5+ 33. Kg1 Rxg5 34. Ne4 1-0

[Event "Late-Titled-Tuesday-Blitz-January-23-2024"]
[Site "Chess.com"]
[Date "2024.01.23"]
[Round "9"]
[White "ErikRonka"]
[Black "Siemba"]
[Result "0-1"]
[WhiteElo "2476"]
[BlackElo "2573"]
[TimeControl "180+1"]
[EndTime "15:41:46 PST"]
[Termination "Siemba won by resignation"]

1. e4 e5 2. Nf3 Nc6 3. Bc4 Nf6 4. d3 Bc5 5. O-O a5 6. c3 d6 7. h3 h6 8. Re1 O-O 9. Nbd2 Be6 10. b3 Qb8 11. Bb2 Qa7 12. Rf1 Bxc4 13. Nxc4 b5 14.
Ncd2 b4 15. cxb4 axb4 16. Nc4 Nd7 17. a3 bxa3 18. Nxa3 Rfb8 19. Nc2 Qb6 20. Rxa8 Rxa8 21. d4 exd4 22. Nfxd4 Nxd4 23. Nxd4 Ne5 24. Kh2 Ra2 25.
Bc3 Ra3 26. f4 Ng6 27. Nf5 Qxb3 28. Qxb3 Rxb3 29. Bxg7 Kh7 30. Bxh6 Rb4 31. Re1 Bf2 32. Re2 Bb6 33. Bg5 f6 34. Bh6 Rb5 35. h4 Rxf5 36.
exf5 Nxh4 37. Bf8 Nxf5 38. g4 Ne3 39. Kh3 Kg6 40. Be7 Nd5 41. Bd8 Nxf4+ 0-1

[Event "Late-Titled-Tuesday-Blitz-January-23-2024"]
[Site "Chess.com"]
[Date "2024.01.23"]
[Round "9"]
[White "LUISMIGUELOV"]
[Black "VitaliyChayka"]
[Result "1-0"]
[WhiteElo "2188"]
[BlackElo "2395"]
[TimeControl "180+1"]
[EndTime "15:41:46 PST"]
[Termination "LUISMIGUELOV won by resignation"]

1. d4 d6 2. c3 e5 3. dxe5 dxe5 4.
Qxd8+ Kxd8 5. e4 Be6 6. Nd2 Bc5 7. Bc4 Bxc4 8. Nxc4 f6 9. Be3 Bxe3 10. Nxe3 c6 11.
O-O-O+ Nd7 12. Nf5 g6 13. Nd6 Ke7 14. Nxb7 Nh6 15. f3 a5 16. Ne2 Nf7 17. Rxd7+ Kxd7 18. Nc5+ Kc7 19. Kc2 Kd6 20. Nb3 a4 21. Rd1+ Ke7 22.
Nc5 Rhe8 23. Rd7+ Kf8 24. Rc7 Rec8 25. Rxc8+ Rxc8 26. Nxa4 Ke7 27. b4 f5 28. Ng3 Kf6 29.
Nc5 Rd8 30. a4 h5 31. h4 Nd6 32. a5 Nc4 33. Nf1 g5 34. hxg5+ Kxg5 35. Ne6+ Kf6 36.
Nxd8 Nd6 37. exf5 1-0

[Event "Late-Titled-Tuesday-Blitz-January-23-2024"]
[Site "Chess.com"]
[Date "2024.01.23"]
[Round "9"]
[White "Sanyura"]
[Black "StellarChess"]
[Result "1-0"]
[WhiteElo "2627"]
[BlackElo "2488"]
[TimeControl "180+1"]
[EndTime "15:41:49 PST"]
[Termination "Sanyura won by resignation"]

1. Nf3 d5 2. g3 Nf6 3. d3 g6 4. Nbd2 Bg7 5. Bg2 O-O 6. O-O Nc6 7. e4 dxe4 8. dxe4 Bg4 9. h3 Bxf3 10. Qxf3 Nd4 11.
Qd1 Qd7 12. c3 Nc6 13. Qe2 e5 14. Nb3 Rad8 15. Nc5 Qc8 16. Qb5 b6 17. Qxc6 bxc5 18. Qxc5 Qb7 19. b3 Rd3 20. Be3 a6 21. Rad1 Rfd8 22.
Rxd3 Rxd3 23. Qxe5 Qc8 24. Bd4 Ne8 25. Qc5 Bf8 26. Qc4 Rd2 27. e5 Ng7 28. a4 Nf5 29. g4 Nh4 30. Bd5 Qd7 31. e6 Rxd4 32. exd7 Rxc4 33.
d8=Q Rxc3 34. Qxh4 1-0

[Event "Late-Titled-Tuesday-Blitz-January-23-2024"]
[Site "Chess.com"]
[Date "2024.01.23"]
[Round "9"]
[White "KorolDimitriy75"]
[Black "Fernando_Offermann"]
[Result "0-1"]
[WhiteElo "2356"]
[BlackElo "2494"]
[TimeControl "180+1"]
[EndTime "15:41:49 PST"]
[Termination "Fernando_Offermann won on time"]

1. d4 Nf6 2. c4 g6 3. Nc3 Bg7 4. e4 d6 5. Nf3 O-O 6. Be2 e5 7. dxe5 dxe5 8. Qxd8 Rxd8 9. Bg5 Nbd7 10. O-O-O Rf8 11. Ne1 c6 12. Nc2 Nc5 13. f3 Ne6 14. Be3 Nd7 15. Rd2 f5 16. Rhd1 Nf6 17. c5 Re8 18.
Bc4 Kh8 19. b4 h5 20. Kb2 fxe4 21. Nxe4 Nd5 22. Bxd5 cxd5 23. Rxd5 Nf4 24. R5d2 Be6 25. Ng5 Bf5 26. Ne4 a5 27. a3 axb4 28. axb4 Be6 29. g3 Nh3 30. Rd6 Bf8 31. Rb6 Ra2+ 32. Kc3 Ra7 33.
b5 Bf5 34. Nb4 Ra3+ 35. Kd2 Rd8+ 36. Nd6 e4 37. f4 Bg7 38. Rc1 Rb3 39. Nd5 Rd3+ 40. Ke2 Rxd5 41. Rxb7 Be6 0-1

[Event "Late-Titled-Tuesday-Blitz-January-23-2024"]
[Site "Chess.com"]
[Date "2024.01.23"]
[Round "9"]
[White "finec2"]
[Black "Arteler"]
[Result "0-1"]
[WhiteElo "2202"]
[BlackElo "2514"]
[TimeControl "180+1"]
[EndTime "15:41:49 PST"]
[Termination "Arteler won on time"]

1. d4 c5 2. d5 f5 3. g3 Nf6 4. Bg2 g6 5. c4 Bg7 6. Nc3 O-O 7. Nf3 d6 8. O-O Na6 9. Re1 Nc7 10. e4 fxe4 11. Ng5 b5 12. cxb5 Bf5 13. Ngxe4 Nxe4 14. Nxe4 Nxb5 15. a4 Nd4 16. Ra3 h6 17. Rae3 Rb8 18. b3 Qe8 19. Nxd6 Qd7 20. Nxf5 Qxf5 21. Rf1 Qf7 22. Ba3 Rfc8 23. Rfe1 Rf8 24. Qd2 Nxb3 25.
Qd1 Qxf2+ 26. Kh1 Bd4 27. Rxe7 Rf6 28. Rf1 Qd2 29. Qxd2 Nxd2 30. Rxf6 Bxf6 31. Re1 Bd4 32. Rd1 Nc4 33. Bc1 Rb1 34. Bf3 Ne5 35. Be2 g5 0-1

[Event "Late-Titled-Tuesday-Blitz-January-23-2024"]
[Site "Chess.com"]
[Date "2024.01.23"]
[Round "9"]
[White "JaackCamel"]
[Black "NtcPou"]
[Result "0-1"]
[WhiteElo "2144"]
[BlackElo "2022"]
[TimeControl "180+1"]
[EndTime "15:41:50 PST"]
[Termination "NtcPou won by resignation"]

1. d4 d5 2. c4 c6 3. cxd5 cxd5 4. Bf4 Nc6 5. e3 Nf6 6. Nc3 a6 7. Bd3 Bg4 8. Qb3 Na5 9. Qa4+ Bd7 10. Qc2 Rc8 11. Nf3 e6 12. O-O Be7 13. h3 O-O 14. Rfc1 b5 15. a3 Nc4 16. Qe2 Qb6 17. Ne5 Rfd8 18.
Kh1 Be8 19. Kg1 a5 20. b3 Nxa3 21. Nd1 b4 22. Nb2 Bb5 23. Na4 Bxa4 24. bxa4 Rc3 25. Bb5 Rdc8 26. Rxc3 Rxc3 27. Bg3 h6 28. Kh2 Ne4 29. Bf4 Rc2 30. Qg4 Nxf2 31. Qf3 Ne4 32. Rf1 Nxb5 33. Nd7 Qb7 34. axb5 Qxd7 35. Be5 Bf6 36. b6 Qb5 37. Bxf6 Nxf6 38. Qd1 b3 39. Rxf6 gxf6 40. Qg4+ Kf8 41. Qh4 Ke7 42. Qf4 Qxb6 43. h4 Qc7 0-1

[Event "Late-Titled-Tuesday-Blitz-January-23-2024"]
[Site "Chess.com"]
[Date "2024.01.23"]
[Round "9"]
[White "Brown_Mamba24"]
[Black "Mops_2004"]
[Result "0-1"]
[WhiteElo "2651"]
[BlackElo "2869"]
[TimeControl "180+1"]
[EndTime "15:41:53 PST"]
[Termination "Mops_2004 won by resignation"]

1. d4 g6 2. c4 Bg7 3. e4 d6 4. Nc3 e5 5. Be3 exd4 6. Bxd4 Nf6 7. g3 O-O 8. Bg2 Nc6 9. Be3 Ng4 10. Qd2 Nce5 11. b3 Nxe3 12. Qxe3 Ng4 13.
Qd2 Nxf2 14. Kxf2 Qf6+ 15. Nf3 Qxc3 16. Qxc3 Bxc3 17. Rac1 Bb4 18. Rhd1 Re8 19. Nd4 Bc5 20. Kf1 Bg4 21. Rd3 a6 22. h3 Bd7 23. Ne2 Bb4 24.
Nf4 Bc6 25. Nd5 Bxd5 26. cxd5 Bc5 27. b4 Bxb4 28. Rxc7 b5 29. Rf3 Rf8 30. Rc6 Ra7 31. g4 Re8 32. Rb3 Bc5 33. g5 b4 34. h4 a5 35. Bf3 a4 36. Rb1 b3 37. axb3 a3 38. e5 Bd4 39. exd6 a2 40. Rd1 Rd8 41. Ra1 Bxa1 0-1

[Event "Late-Titled-Tuesday-Blitz-January-23-2024"]
[Site "Chess.com"]
[Date "2024.01.23"]
[Round "9"]
[White "rychessmaster1"]
[Black "1mbl4"]
[Result "0-1"]
[WhiteElo "2718"]
[BlackElo "2598"]
[TimeControl "180+1"]
[EndTime "15:41:55 PST"]
[Termination "1mbl4 won by checkmate"]

1. d4 Nf6 2. c4 g6 3. Nc3 Bg7 4. e4 d6 5. Nf3 O-O 6. Be2 e5 7. Be3 Ng4 8. Bg5 f6 9. Bh4 Nd7 10. h3 Nh6 11. dxe5 dxe5 12. Qd5+ Nf7 13. O-O-O c6 14.
Qd3 Qe7 15. g4 Bh6+ 16. Kb1 Nc5 17. Qc2 Bf4 18. Ne1 Be6 19. Ng2 Bh6 20. Rhf1 a5 21. Bg3 a4 22. f4 exf4 23. Nxf4 Ne5 24. Nxe6 Qxe6 25. Bf2 b6 26. Bxc5 bxc5 27. Nxa4 Be3 28. Qb3 Bd4 29. Rxd4 cxd4 30. Nc5 Qe7 31. Nd3 Rfb8 32.
Qc2 c5 33. Nf4 Ra6 34. Nd5 Qd8 35. g5 fxg5 36. Bg4 Kg7 37. b3 Qa5 38. Qf2 Rxb3+ 39.
Ka1 Rb8 40. Qg3 Qxa2# 0-1

[Event "Late-Titled-Tuesday-Blitz-January-23-2024"]
[Site "Chess.com"]
[Date "2024.01.23"]
[Round "9"]
[White "GoValya"]
[Black "Rdeux42"]
[Result "1/2-1/2"]
[WhiteElo "2301"]
[BlackElo "2434"]
[TimeControl "180+1"]
[EndTime "15:41:59 PST"]
[Termination "Game drawn by repetition"]

1. d4 Nf6 2. g3 d5 3. Bg2 Bf5 4. c3 e6 5. Nd2 c6 6. Ngf3 h6 7. O-O Be7 8. b3 O-O 9. Bb2 a5 10. c4 Ne4 11. Rc1 Nd7 12. Nxe4 Bxe4 13. Nd2 Bxg2 14.
Kxg2 Nf6 15. f3 Bb4 16. Bc3 Bxc3 17. Rxc3 Qd7 18. e4 dxe4 19. Nxe4 Rad8 20. Nxf6+ gxf6 21. Rd3 Kg7 22. Qd2 Qd6 23. Re1 a4 24. Re4 f5 25. Rh4 Rh8 26. b4 b5 27. c5 Qd5 28.
a3 Rdg8 29. Re3 Rd8 30. Qe2 h5 31. Re5 Qb3 32. Qd2 Kf6 33. Qf4 Qxa3 34. g4 Rdg8 35.
Rxf5+ exf5 36. Qe5+ Kg6 37. Qxf5+ Kg7 38. Qe5+ Kf8 39.
Qb8+ Ke7 40. Qd6+ Ke8 41. Qxc6+ Ke7 42. Qd6+ Ke8 43. Qc6+ Ke7 44. Qd6+ Ke8 45. Qc6+ 1/2-1/2

[Event "Late-Titled-Tuesday-Blitz-January-23-2024"]
[Site "Chess.com"]
[Date "2024.01.23"]
[Round "9"]
[White "miraitrunks"]
[Black "carloseduar100"]
[Result "1-0"]
[WhiteElo "2114"]
[BlackElo "2284"]
[TimeControl "180+1"]
[EndTime "15:42:00 PST"]
[Termination "miraitrunks won by checkmate"]

1. e4 e6 2. Nc3 d5 3. Nf3 Nf6 4. e5 Nfd7 5. d4 c5 6. dxc5 Nc6 7. Bf4 Bxc5 8. Bd3 a6 9. O-O Qc7 10. Qe2 h6 11. h4 b5 12. h5 Bb7 13. a3 O-O-O 14.
b4 Be7 15. a4 Bxb4 16. axb5 Bxc3 17. bxc6 Qxc6 18. Ra3 a5 19. Bb5 Qc5 20. Rb3 d4 21. Rfb1 Bb4 22. Bd2 Bxf3 23. Qxf3 Nxe5 24. Qa8+ Kc7 25. Bxb4 axb4 26. Qe4 Rb8 27. Rxb4 Kd6 28. f4 Ng4 29. Rxd4+ Ke7 30. c4 Nf6 31. Qe5 Rhd8 32. Qxc5+ Rd6 33. Qxd6# 1-0

[Event "Late-Titled-Tuesday-Blitz-January-23-2024"]
[Site "Chess.com"]
[Date "2024.01.23"]
[Round "9"]
[White "Atousa"]
[Black "OPQRC"]
[Result "0-1"]
[WhiteElo "2460"]
[BlackElo "2546"]
[TimeControl "180+1"]
[EndTime "15:42:01 PST"]
[Termination "OPQRC won by resignation"]

1. e4 c6 2. d4 g6 3. Nf3 Bg7 4. Nc3 d5 5. h3 dxe4 6. Nxe4 Nf6 7. Nxf6+ exf6 8. Bc4 O-O 9. O-O Nd7 10. c3 Nb6 11. Bb3 Bf5 12. Re1 Qd6 13.
Be3 Rfe8 14. Qd2 a5 15. Bf4 Qd7 16. a3 Be6 17. Qc2 Bd5 18. Nd2 f5 19. a4 Rxe1+ 20.
Rxe1 Re8 21. Re3 Rxe3 22. Bxe3 Bxb3 23. Qxb3 Nd5 24. Nc4 b5 25. Nxa5 Nxe3 26. fxe3 Bh6 27. c4 f4 28. axb5 fxe3 29. bxc6 Qxd4 30. Qc3 Qd1+ 31.
Kh2 Bf4+ 32. g3 Qe2+ 33. Kg1 Qf2+ 34. Kh1 Qf3+ 35. Kg1 Qxg3+ 0-1

[Event "Late-Titled-Tuesday-Blitz-January-23-2024"]
[Site "Chess.com"]
[Date "2024.01.23"]
[Round "9"]
[White "Josgar05"]
[Black "ccccvhhhj"]
[Result "1-0"]
[WhiteElo "2344"]
[BlackElo "2466"]
[TimeControl "180+1"]
[EndTime "15:42:01 PST"]
[Termination "Josgar05 won on time"]

1. d4 Nf6 2. c4 g6 3. Nc3 d6 4. e4 Bg7 5. f3 O-O 6. Nge2 c5 7. d5 e6 8. Ng3 exd5 9. cxd5 Re8 10. Be2 a6 11. a4 Nbd7 12. O-O Ne5 13. Bg5 h6 14. Be3 Kh7 15. h3 Qb6 16. Qd2 Qb4 17. a5 Bd7 18. f4 Nc4 19. Bxc4 Qxc4 20. f5 Rf8 21. Bf4 Ne8 22. Rae1 Bb5 23. Rf3 Nc7 24. Bxd6 Rfc8 25. f6 Bf8 26. Bxf8 Rxf8 27. Rf4 Rae8 28. Rh4 Qd4+ 29.
Qxd4 cxd4 30. Nxb5 Nxb5 31. e5 Rc8 32. Ne4 Rc2 33. e6 d3 34. e7 Re8 35. Rd1 Rxb2 36.
Rxd3 Rb1+ 37. Kh2 Nc7 38. d6 Ne6 39. d7 Rc8 40. dxc8=Q 1-0

[Event "Late-Titled-Tuesday-Blitz-January-23-2024"]
[Site "Chess.com"]
[Date "2024.01.23"]
[Round "9"]
[White "Ajedrecista3000"]
[Black "Alexei_Gubajdullin"]
[Result "0-1"]
[WhiteElo "2586"]
[BlackElo "2612"]
[TimeControl "180+1"]
[EndTime "15:42:02 PST"]
[Termination "Alexei_Gubajdullin won on time"]

1. c4 Nf6 2. g3 c6 3. Bg2 d5 4. Nf3 Bf5 5. O-O e6 6. b3 Nbd7 7. Bb2 h6 8. d3 Be7 9. Nbd2 O-O 10.
Rc1 a5 11. a3 Qb8 12. Rc2 Rc8 13. Qa1 Bg6 14. Rfc1 Bf8 15. Ne5 Bh7 16. Ndf3 Re8 17. h4 Qa7 18. Bd4 Bc5 19. Bxc5 Nxc5 20. Qb2 a4 21. b4 Nb3 22. Rd1 Rad8 23. g4 d4 24. c5 Nd7 25. Nc4 e5 26. Nd6 Re7 27. g5 hxg5 28. Nxg5 Nf8 29. e3 dxe3 30. fxe3 Rxd6 31.
cxd6 Qxe3+ 32. Rf2 Rd7 33. Qe2 Qd4 34. Be4 Rxd6 35.
Bxh7+ Nxh7 36. Qh5 Nxg5 37. hxg5 Rg6 38. Rf1 Nd2 39.
Re1 Rxg5+ 40. Qxg5 Nf3+ 41. Kg2 Nxg5 0-1

[Event "Late-Titled-Tuesday-Blitz-January-23-2024"]
[Site "Chess.com"]
[Date "2024.01.23"]
[Round "9"]
[White "karinachess1"]
[Black "NovakRatko"]
[Result "1-0"]
[WhiteElo "2598"]
[BlackElo "2354"]
[TimeControl "180+1"]
[EndTime "15:42:04 PST"]
[Termination "karinachess1 won by checkmate"]

1. d4 d5 2. c4 c5 3. dxc5 d4 4. b4 a5 5. b5 e5 6. Ba3 Nd7 7.
c6 bxc6 8. Bxf8 Nxf8 9. bxc6 Ne6 10.
e3 dxe3 11. Qxd8+ Nxd8 12. c7 exf2+ 13. Kxf2 Ne6 14. Nf3 f6 15. Nc3 Nxc7 16. Bd3 Be6 17. Rab1 Rd8 18. Be4 Bxc4 19. Rb7 Ne6 20. Ra7 Nh6 21.
Bc6+ Kf8 22. Rxa5 Nf4 23. Rb1 Ng4+ 24. Kg3 Ne3 25. Ra7 h5 26. h4 Nexg2 27. Rbb7 Rg8 28.
Bb5 Be6 29. Ne4 Ne3 30. Nc5 Bd5 31. Rc7 Nf5+ 32. Kf2 Nd6 33. Nd7+ Ke7 34. Ndxe5+ Ke6 35. Re7+ Kf5 36. Bd3+ Be4 37. Nd4# 1-0

[Event "Late-Titled-Tuesday-Blitz-January-23-2024"]
[Site "Chess.com"]
[Date "2024.01.23"]
[Round "9"]
[White "IraZyne"]
[Black "PapaieDudu"]
[Result "1-0"]
[WhiteElo "2233"]
[BlackElo "2398"]
[TimeControl "180+1"]
[EndTime "15:42:04 PST"]
[Termination "IraZyne won by checkmate"]

1. e4 c5 2. Nc3 a6 3. g3 e6 4.
Bg2 Ne7 5. Nge2 d5 6. exd5 exd5 7. d4 cxd4 8. Nxd4 Nbc6 9. O-O g6 10. Nde2 d4 11. Ne4 Bg7 12. Bg5 h6 13. Bf6 O-O 14. Qd2 Bf5 15. Bxg7 Kxg7 16. Nc5 Qb6 17. Nd3 Rfd8 18.
Rfe1 Rac8 19. h3 Nd5 20. g4 Be6 21. Nef4 Nxf4 22. Nxf4 Bc4 23. b3 Be6 24. Nxe6+ fxe6 25. Rxe6 Qc5 26. Be4 Rd6 27. Rxd6 Qxd6 28. Rd1 Re8 29. Bxc6 Qxc6 30. Qxd4+ Kf7 31. Qd7+ Re7 32. Qxc6 bxc6 33. Kf1 Re5 34. Rd6 Rc5 35. c4 a5 36.
Ke2 h5 37. Kd3 hxg4 38. hxg4 a4 39. b4 Rg5 40. Rxc6 Rxg4 41. b5 Ke7 42. b6 Rg1 43. c5 Rb1 44. Rc7+ Kd8 45. Ra7 Kc8 46. Kd4 Rd1+ 47. Kc4 Rb1 48. Kd5 Re1 49. c6 Rd1+ 50.
Ke6 Re1+ 51. Kf6 Rb1 52. Ra8# 1-0

[Event "Late-Titled-Tuesday-Blitz-January-23-2024"]
[Site "Chess.com"]
[Date "2024.01.23"]
[Round "9"]
[White "EsmeraldasAnderson03"]
[Black "cristiano78"]
[Result "0-1"]
[WhiteElo "2412"]
[BlackElo "2239"]
[TimeControl "180+1"]
[EndTime "15:42:05 PST"]
[Termination "cristiano78 won on time"]

1. d4 Nf6 2. c4 g6 3. Nc3 Bg7 4. e4 d6 5. Be2 O-O 6. Be3 e5 7. d5 Nbd7 8. g4 Nc5 9. f3 a5 10. h4 h5 11. g5 Nh7 12. Qd2 f6 13. gxf6 Bxf6 14. O-O-O Bxh4 15. Nh3 Kh8 16. Rdg1 Rg8 17. f4 Bf6 18. fxe5 Bxe5 19. Nf4 Qf6 20. Bxh5 gxh5 21. Rxg8+ Kxg8 22. Nxh5 Qf7 23. Bh6 Bd7 24.
Kb1 Kh8 25. Ne2 Nxe4 26. Qe3 Bf5 27. Ka1 Bg6 28. Nef4 Bf5 29. Rf1 Rg8 30. a3 Nef6 31. Ng3 Ng4 32. Qf3 Nxh6 33. Ne6 Rxg3 34. Qf2 Qg6 0-1

[Event "Late-Titled-Tuesday-Blitz-January-23-2024"]
[Site "Chess.com"]
[Date "2024.01.23"]
[Round "9"]
[White "SanchezKelvin"]
[Black "Durarbayli"]
[Result "0-1"]
[WhiteElo "2578"]
[BlackElo "2862"]
[TimeControl "180+1"]
[EndTime "15:42:06 PST"]
[Termination "Durarbayli won on time"]

1. d4 Nf6 2. c4 e6 3. Nf3 b6 4. g3 Ba6 5. Qc2 c5 6. d5 exd5 7. cxd5 Nxd5 8. Qe4+ Ne7 9. Qxa8 Nec6 10. Ne5 Nxe5 11. Qe4 Nc6 12. f4 Bb7 13. Rg1 d5 14.
Qe3 c4 15. fxe5 Bc5 16. Qf3 Bxg1 17. e3 Nxe5 18. Qg2 Qf6 19. Be2 O-O 20. Qxg1 d4 21.
exd4 Nd3+ 22. Bxd3 cxd3 23. Be3 Qf3 24. Qf2 Qh1+ 25. Qg1 Qf3 26. Qf2 Qh1+ 27. Kd2 Rc8 28. Kxd3 Qe4+ 29. Ke2 Ba6+ 0-1

[Event "Late-Titled-Tuesday-Blitz-January-23-2024"]
[Site "Chess.com"]
[Date "2024.01.23"]
[Round "9"]
[White "nindjaxx8"]
[Black "GMKrikor"]
[Result "0-1"]
[WhiteElo "2616"]
[BlackElo "2780"]
[TimeControl "180+1"]
[EndTime "15:42:07 PST"]
[Termination "GMKrikor won on time"]

1. d4 Nf6 2. c4 g6 3. Nc3 d5 4.
cxd5 Nxd5 5. e4 Nxc3 6. bxc3 Bg7 7. Be3 c5 8. Qd2 Qa5 9. Nf3 Nc6 10. Be2 cxd4 11. Nxd4 Qc7 12. O-O O-O 13. Qb2 Bd7 14. Rfd1 Na5 15. Rac1 Rac8 16. c4 Nc6 17. Qa3 a6 18. h3 Nxd4 19. Bxd4 Bxd4 20. Rxd4 Bc6 21. Bf3 Rfd8 22. Rcd1 e5 23. Rxd8+ Rxd8 24. Rxd8+ Qxd8 25. Qc5 f6 26. Kh2 Kf7 27. h4 Qd4 28. Qb4 Qxf2 29.
h5 Qd4 30. hxg6+ hxg6 0-1